 Dungeon Crawl Stone Soup version 0.16-a0-3939-g9a3e665 (webtiles) character file.

10840 abixa the Severer (level 11, -2/92 HPs)
             Began as a Hill Orc Fighter on Feb 6, 2015.
             Was a High Priest of Makhleb.
             Splashed by a brown ugly thing's acid (8 damage)
             ... on level 11 of the Dungeon.
             The game lasted 00:38:14 (12206 turns).

abixa the Severer (Hill Orc Fighter)               Turns: 12206, Time: 00:38:14

Health: -2/92      AC:  9    Str: 20    XL:     11   Next: 68%
Magic:  26/26      EV:  4    Int:  8    God:    Makhleb [*****.]
Gold:   668        SH:  9    Dex: 13    Spells: 0 memorised, 10 levels left

rFire  . . .     SeeInvis .     a - +0 war axe
rCold  . . .     Clarity  .     L - +0 plate armour
rNeg   . . .     SustAb   .     c - +0 shield
rPois  .         Gourm    .     l - +0 helmet
rElec  .         Spirit   .     H - +0 cloak
rCorr  .         Warding  .     m - +2 pair of gloves
rMut   .         Stasis   .     (no boots)
MR     .....                    (no amulet)
Stlth  ..........               (no ring)
                                (no ring)

@: corroded equipment, not resistant to hostile enchantments, extremely
unstealthy
A: no striking features
a: Minor Destruction, Lesser Servant of Makhleb, Major Destruction, Greater
Servant of Makhleb, Renounce Religion


You were on level 11 of the Dungeon.
You worshipped Makhleb.
Makhleb was extremely pleased with you.
You were hungry.

You visited 2 branches of the dungeon, and saw 12 of its levels.
You also visited: Sewer.

You collected 668 gold pieces.

Inventory:

Hand weapons
 a - a +0 war axe (weapon)
 E - a +0 blowgun
 Q - a +0 hunting sling
 T - a +0 halberd
 Y - a +2 morningstar of crushing
Missiles
 g - 202 stones (quivered)
 k - 65 poisoned needles
 s - 2 throwing nets
 B - 10 sling bullets of flame
 K - 20 sling bullets
 N - 8 tomahawks
Armour
 c - a +0 shield (worn)
 l - a +0 helmet (worn)
 m - a +2 pair of gloves (worn)
 u - a +2 leather armour of magic resistance
 H - a +0 cloak (worn)
 J - a +2 leather armour of cold resistance
 L - a +0 plate armour (worn)
Magical devices
 x - a wand of random effects (17)
 R - a wand of frost (32)
 V - a wand of flame (18)
 W - a wand of cold (7)
Scrolls
 b - 6 scrolls of remove curse {unknown}
 j - a scroll of random uselessness {unknown}
 o - 6 scrolls of teleportation {unknown}
 q - 4 scrolls of magic mapping {unknown}
 v - a scroll of amnesia {unknown}
 w - 2 scrolls of enchant armour {unknown}
 y - 2 scrolls of blinking {unknown}
 C - a scroll of noise {unknown}
 D - 5 scrolls of identify {unknown}
 S - a scroll of fog {unknown}
Potions
 e - 6 potions of might
 f - 2 potions of resistance {unknown}
 n - 2 potions of mutation {unknown}
 r - a potion of invisibility
 z - 5 potions of heal wounds {unknown}
 A - 2 potions of magic {unknown}
 G - 2 potions of curing {unknown}
 M - 4 potions of brilliance {unknown}
 O - a potion of haste {unknown}
 P - 2 potions of restore abilities {unknown}
Books
 U - a book of the Tempests

   Spells                             Type                      Level
   a - Static Discharge               Conjuration/Air              3
   b - Lightning Bolt                 Conjuration/Air              5
   c - Fireball                       Conjuration/Fire             5
   d - Tornado                        Air                          9
   e - Shatter                        Earth                        9
Comestibles
 d - 7 meat rations
 h - 9 slices of pizza
 i - 9 bread rations
 p - 15 royal jellies
 t - 4 fruits
 F - 3 chunks of flesh
 Z - a beef jerky


   Skills:
 - Level 7.0 Fighting
 - Level 16.0 Axes
 - Level 8.0 Armour
 - Level 3.2 Shields
 * Level 12.2 Invocations


You had 10 spell levels left.
You didn't know any spells.

Dungeon Overview and Level Annotations

Branches:
Dungeon (11/15)            Temple (1/1) D:5            Lair (0/8) D:9
    Orc: D:9-12

Altars:
Ashenzari
Cheibriados
Dithmenos
Elyvilon
Fedhas
Gozag
Kikubaaqudgha
Makhleb
Nemelex Xobeh
Okawaru
Qazlal
Ru
Sif Muna
Trog
Vehumet
Xom
Yredelemnul
Zin
The Shining One

Shops:
D:5 %   D:9 ?   D:11 =

Annotations:
D:4 Johnny's ghost, average OgWz
D:10 MDvedh's ghost, powerful DEIE


Message History

You are splashed with acid!
The acid corrodes your equipment!
The acid burns!
* * * LOW HITPOINT WARNING * * *
Use which ability? (? or * to list)
Press: ? - help, Shift-Dir - straight line, f/p - brown ugly thing
Aim: a brown ugly thing (almost dead)
Okay, then.
Unknown command.
Use which ability? (? or * to list)
Press: ? - help, Shift-Dir - straight line, f/p - brown ugly thing
Aim: a brown ugly thing (almost dead)
The puff of flame hits the brown ugly thing.
The brown ugly thing is almost dead.
You feel slightly more hungry.
The brown ugly thing pecks you but does no damage.
You hit the brown ugly thing but do no damage.
The brown ugly thing is almost dead.
The brown ugly thing pecks you!
* * * LOW HITPOINT WARNING * * *
You are splashed with acid!
The acid burns!
You die...

########### ########
#.........# .......#
#.........###
.......#
#............
.......####.........#
.......##...........#
.......#..#......@..#
.......'.#########u##
.......### ยง#
#.....## .# #.######
.# .......# .#
.......# ## .......#
.......#


You could see a brown ugly thing.

Vanquished Creatures
  An unseen horror (D:10)
  Pikel (D:4)
  4 hill giants
  An ugly thing (D:7)
  Psyche (D:10)
  A queen bee (D:9)
  A shadow (D:11)
  A hungry ghost (D:8)
  2 deep elf magi
  A human (D:2)
  Eustachio (D:6)
  A deep elf fighter (D:9)
  3 wyverns
  9 yaks
  A mottled dragon (D:11)
  Edmund (D:8)
  A hippogriff (D:10)
  3 orc warriors
  3 sky beasts
  An ice beast (D:7)
  2 phantoms (D:8)
  6 ogres
  A wasp (D:11)
  A centaur (D:6)
  4 giant frogs
  A crocodile (D:9)
  Blork the orc (D:8)
  2 big kobolds
  A wyvern skeleton (D:9)
  2 scorpions (D:5)
  2 crimson imps
  12 killer bees
  3 jellies
  A giant frog zombie (D:8)
  A hound (D:8)
  Crazy Yiuf (D:4)
  3 orc priests (D:8)
  2 orc wizards
  5 worker ants
  2 iguanas
  A hell rat (D:8)
  A hound skeleton (D:2)
  A hound zombie (D:9)
  2 worker ant zombies
  Robin (D:2)
  10 gnolls
  10 adders
  15 river rats
  2 shadow imps
  A worm (D:2)
  A giant mite (D:3)
  An adder zombie (D:8)
  3 giant geckos
  An ooze (D:2)
  11 orcs
  A bat skeleton (D:7)
  5 giant cockroaches
  21 hobgoblins
  17 jackals
  5 ball pythons
  18 bats
  7 giant newts
  A giant spore (D:11)
  25 goblins
  A goblin zombie (D:2)
  A jackal skeleton (D:2)
  19 kobolds
  4 quokkas
  A quokka skeleton (D:8)
  47 rats
  5 ballistomycetes (D:11)
  2 fungi (D:9)
332 creatures vanquished.

Vanquished Creatures (collateral kills)
  17 killer bees
  A giant gecko (D:9)
18 creatures vanquished.

Vanquished Creatures (others)
  2 slaves (D:4)
  A hound (D:4)
  An adder (D:4)
  A worm (D:4)
  A kobold (D:4)
  A giant newt (D:4)
  A fungus (D:9)
8 creatures vanquished.

Grand Total: 358 creatures vanquished

Notes
Turn   | Place    | Note
--------------------------------------------------------------
     0 | D:1      | abixa, the Hill Orc Fighter, began the quest for the Orb.
     0 | D:1      | Reached XP level 1. HP: 19/19 MP: 1/1
   114 | D:1      | Reached XP level 2. HP: 24/26 MP: 2/2
   200 | D:1      | Reached skill level 4 in Axes
   386 | D:1      | Reached XP level 3. HP: 25/31 MP: 3/3
   543 | D:2      | Noticed Robin
   761 | D:2      | Reached skill level 5 in Axes
   880 | D:2      | Reached XP level 4. HP: 26/39 MP: 4/4
   900 | D:2      | Killed Robin
   929 | D:2      | Reached skill level 6 in Axes
  1093 | D:2      | Found a runed door.
  1093 | D:2      | Noticed a human
  1105 | D:2      | Found a basalt altar of Yredelemnul.
  1129 | D:2      | Killed a human
  1129 | D:2      | Reached skill level 8 in Axes
  1129 | D:2      | Reached XP level 5. HP: 31/45 MP: 5/5
  1129 | D:2      | Reached XP level 6. HP: 35/51 MP: 6/6
  2127 | D:3      | Found a glowing drain.
  2132 | Sewer    | Entered a sewer
  3246 | D:3      | Reached XP level 7. HP: 57/57 MP: 7/7
  3391 | D:4      | Noticed Pikel
  3474 | D:4      | Killed Pikel
  3474 | D:4      | Reached skill level 10 in Axes
  3474 | D:4      | Reached XP level 8. HP: 39/64 MP: 8/8
  3659 | D:4      | Noticed Johnny's ghost (average OgWz)
  4254 | D:4      | Noticed Crazy Yiuf
  4262 | D:4      | Killed Crazy Yiuf
  4350 | D:5      | Entered Level 5 of the Dungeon
  4392 | D:5      | Found a staircase to the Ecumenical Temple.
  4407 | Temple   | Entered the Ecumenical Temple
  4529 | Temple   | Became a worshipper of Makhleb the Destroyer
  4587 | D:5      | Found Wuxa's Food Boutique.
  4955 | D:5      | Reached skill level 11 in Axes
  5824 | D:6      | Noticed Eustachio
  5926 | D:6      | Killed Eustachio
  6095 | D:6      | Reached XP level 9. HP: 61/71 MP: 9/9
  6204 | D:6      | Acquired Makhleb's first power
  6426 | D:7      | Found an opulent altar of Gozag.
  6514 | D:7      | Reached skill level 12 in Axes
  6545 | D:7      | Reached skill level 5 in Fighting
  6597 | D:7      | Noticed a brown ugly thing
  6616 | D:7      | Killed a brown ugly thing
  6948 | D:7      | Reached skill level 5 in Invocations
  7299 | D:8      | Found a radiant altar of Vehumet.
  7616 | D:8      | Found a bloodstained altar of Trog.
  7616 | D:8      | Found a white marble altar of Elyvilon.
  7711 | D:8      | Noticed Edmund
  7724 | D:8      | Killed Edmund
  7864 | D:8      | Reached skill level 13 in Axes
  7985 | D:8      | Acquired Makhleb's second power
  8111 | D:8      | Reached XP level 10. HP: 38/81 MP: 20/20
  8699 | D:8      | Noticed Blork the orc
  8710 | D:8      | Killed Blork the orc
  9028 | D:9      | Acquired Makhleb's third power
  9053 | D:9      | Found Ronikkytoh's Magic Scroll Shoppe.
  9101 | D:9      | Found a basalt altar of Yredelemnul.
  9102 | D:9      | Noticed a profane servitor
  9206 | D:9      | Found a shimmering altar of Xom.
  9333 | D:9      | Found a staircase to the Lair.
  9342 | D:9      | Reached skill level 14 in Axes
  9859 | D:9      | Acquired Makhleb's fourth power
 10153 | D:9      | Found a glowing golden altar of the Shining One.
 10154 | D:9      | Noticed an angel
 10193 | D:10     | Entered Level 10 of the Dungeon
 10561 | D:10     | Noticed a hill giant
 10562 | D:10     | Noticed Psyche
 10567 | D:10     | Killed an unseen horror
 10567 | D:10     | Reached skill level 10 in Invocations
 10567 | D:10     | Reached XP level 11. HP: 92/92 MP: 25/25
 10579 | D:10     | Killed Psyche
 10579 | D:10     | Reached skill level 15 in Axes
 10591 | D:10     | Killed a hill giant
 11156 | D:10     | Acquired Makhleb's fifth power
 11206 | D:10     | Noticed MDvedh's ghost (powerful DEIE)
 11566 | D:11     | Noticed a hill giant
 11568 | D:11     | Noticed a hill giant
 11588 | D:11     | Killed a hill giant
 11597 | D:11     | Killed a hill giant
 11623 | D:11     | Noticed a hill giant
 11636 | D:11     | Killed a hill giant
 12032 | D:11     | Found Wual's Jewellery Shop.
 12116 | D:11     | Reached skill level 16 in Axes
 12206 | D:11     | Splashed by a brown ugly thing's acid

Action                   |  1- 3 |  4- 6 |  7- 9 | 10-12 || total
-------------------------+-------+-------+-------+-------++-------
Melee: War axe           |    92 |   285 |   506 |   541 ||  1424
Throw: Stone             |       |       |       |     3 ||     3
Invok: Minor Destruction |       |       |       |    24 ||    24
       Lesser Servant of |       |       |       |     2 ||     2
Evoke: Wand              |       |       |     1 |       ||     1
  Use: Potion            |       |       |     1 |       ||     1
 Stab: Distracted        |       |       |       |     2 ||     2
  Eat: Chunk             |       |     8 |    15 |    13 ||    36
       Beef jerky        |       |       |     1 |       ||     1
       Fruit             |       |       |       |     1 ||     1
